 Dungeon Crawl Stone Soup version 0.23.2-33-g5129a83184 (webtiles) character file.

Game seed: 5455302470796477620

26345 CitizenNev the Basher (level 13, -2/82 HPs)
             Began as a Gargoyle Fighter on July 30, 2019.
             Was a High Priest of Okawaru.
             Killed from afar by an efreet (23 damage)
             ... with a fireball
             ... on level 12 of the Dungeon.
             The game lasted 00:47:15 (15273 turns).

CitizenNev the Basher (Gargoyle Fighter)           Turns: 15273, Time: 00:47:15

Health: -2/82      AC: 34    Str: 25    XL:     13   Next: 25%
Magic:  30/30      EV:  5    Int:  9    God:    Okawaru [*****.]
Gold:   848        SH: 22    Dex:  9    Spells: 22/22 levels left

rFire    . . .     SeeInvis .   c - +4 mace
rCold    . . .     Gourm    .   i - +1 large shield {rN+}
rNeg     + + +     Faith    .   K - +0 plate armour
rPois    ∞         Spirit   .   r - +2 helmet
rElec    +         Reflect  +   j - +2 cloak
rCorr    .         Harm     .   u - +0 pair of gloves
MR       .....                  x - +0 pair of boots
Stlth    ..........             F - +2 amulet of reflection
HPRegen  0.23/turn              m - ring of magical power
MPRegen  0.22/turn              A - ring of positive energy

@: no status effects
A: negative energy resistance 1, electricity resistance, unbreathing,
petrification resistance, rot immunity, AC +9
a: Heroism, Finesse, Renounce Religion


You were on level 12 of the Dungeon.
You worshipped Okawaru.
Okawaru was extremely pleased with you.
You were hungry.

You visited 2 branches of the dungeon, and saw 13 of its levels.

You collected 913 gold pieces.
You spent 65 gold pieces at shops.

Inventory:

Hand Weapons
 c - a +4 mace (weapon)
 o - a +0 mace of holy wrath
Armour
 i - a +1 large shield of positive energy (worn)
 j - a +2 cloak (worn)
 r - a +2 helmet (worn)
 u - a +0 pair of gloves (worn)
 x - a +0 pair of boots (worn)
 K - a +0 plate armour (worn)
Jewellery
 g - an uncursed ring of flight
 k - an uncursed amulet of guardian spirit
 m - a ring of magical power (left hand)
 A - a ring of positive energy (right hand)
 E - an uncursed amulet of the acrobat
 F - a +2 amulet of reflection (around neck)
Wands
 h - a wand of random effects (34)
 l - a wand of enslavement (6)
 v - a wand of flame (16)
 C - a wand of digging (4)
Scrolls
 a - 4 scrolls of identify
 b - 4 scrolls of remove curse
 d - 2 scrolls of magic mapping {unknown}
 e - 10 scrolls of teleportation
 n - 3 scrolls of enchant armour
 q - 5 scrolls of enchant weapon
 t - 2 scrolls of blinking
 y - a scroll of amnesia
 D - 2 scrolls of fear
 G - a scroll of noise {unknown}
 H - 2 scrolls of fog
Potions
 s - 2 potions of brilliance
 w - 4 potions of flight
 z - a potion of resistance
 B - a potion of magic
Comestibles
 f - 26 rations


   Skills:
 - Level 10.3 Fighting
 * Level 12.9 Maces & Flails
 - Level 11.0 Armour
 - Level 0.2 Dodging
 - Level 1.0 Stealth
 - Level 12.4 Shields
 + Level 5.4 Spellcasting


You had 22 spell levels left.
You didn't know any spells.
Your spell library contained the following spells:

 Spells                   Type           Power        Failure   Level  Hunger
 Cause Fear               Hex            #.........   100%        4    #####..
 Bolt of Magma            Conj/Fire/Erth #.........   100%        5    ######.
 Iskenderun's Battlesphe  Conj/Chrm      #.......     100%        5    ######.
 Silence                  Hex/Air        #.........   100%        5    ######.
 Venom Bolt               Conj/Pois      #.........   100%        5    ######.
 Yara's Violent Unravell  Hex/Tmut       #.........   100%        5    ######.
 Deflect Missiles         Chrm/Air       #.........   100%        6    #######
 Iron Shot                Conj/Erth      #.........   100%        6    #######
 Orb of Destruction       Conj           #.........   100%        7    #######
 Spellforged Servitor     Conj/Summ      #.........   100%        7    #######
 Discord                  Hex            #.........   100%        8    #######


Dungeon Overview and Level Annotations

Branches:
Dungeon (12/15)            Temple (1/1) D:5            Lair (0/6) D:10
    Orc (0/2) D:9

Altars:
Ashenzari
Cheibriados
Dithmenos
Elyvilon
Fedhas
Gozag
Hepliaklqana
Kikubaaqudgha
Makhleb
Nemelex Xobeh
Okawaru
Qazlal
Ru
Sif Muna
Trog
Uskayaw
Vehumet
Wu Jian
Xom
Yredelemnul
Zin
The Shining One

Shops:
D:5 (   D:6 }   D:10 }:!(}

Annotations:
D:9 exclusion: statue


Innate Abilities, Weirdness & Mutations

You are resistant to torment.
Your stone body is resilient. (AC +9)
You are immune to poison.
You resist negative energy. (rN+)
You are resistant to electric shocks. (rElec)
You can survive without breathing.
You are immune to petrification.
You are immune to rotting.


Message History

The efreet is moderately wounded.
You block the efreet's attack.
You hit the efreet but do no damage.
The efreet is moderately wounded.
You block the efreet's attack.
You barely miss the efreet.
The efreet is moderately wounded.
You hit the efreet.
The efreet is heavily wounded.
The efreet gestures at you. The bolt of fire hits you!
* * * LOW HITPOINT WARNING * * *
You hit the efreet but do no damage.
The efreet is heavily wounded.
You block the efreet's attack.
You bludgeon the efreet!!
The efreet is almost dead.
The efreet gestures at you.
The fireball explodes!
The fireball engulfs you!!
You die...

.##..## ##..###....# #.....#
....## ##..## #....#...####.....#
....# ##..#####..###..##.....####
....###..## #....#.../#.|....#.)(
.......÷#####....#....#...####()(
...........##..###..###..##.....#
.......###.....#....#....#.|....#
#.....## #.....#....#....#...####
###...# #...###@.###..###..##...
##..# #.†..#.)R.#....#....#....
##.# #....#....#....#....#...#
#..###..###..###..###..##
#........................
#..................(.....
#########################


You could see an efreet.

Vanquished Creatures
  Gastronok (D:8)
  Harold (D:8)
  2 hydras (D:12)
  A catoblepas (D:12)
  2 centaur warriors (D:12)
  Erica (D:10)
  The ghost of Ykky the Slasher, a novice DsGl of Qazlal (D:9)
  A wizard (D:12)
  An orc knight (D:11)
  An ugly thing (D:11)
  Psyche (D:10)
  2 gargoyles
  2 centaur skeletons
  2 kobold demonologists (D:11)
  An efreet (D:12)
  A queen bee (D:11)
  4 trolls
  A slime creature (D:12)
  A hippogriff (D:8)
  13 yaks (D:12)
  A wyvern (D:12)
  2 hungry ghosts (D:11)
  2 water moccasins
  7 sky beasts
  14 orc warriors
  3 ice beasts
  2 necrophages (D:9)
  7 phantoms
  A hornet zombie (D:9)
  4 ogres
  7 centaurs
  A crocodile (D:8)
  A big kobold (D:11)
  10 bullfrogs
  5 scorpions
  38 killer bees
  17 wights
  3 howler monkeys
  3 crimson imps
  2 bullfrog skeletons (D:8)
  3 bullfrog zombies
  9 hounds
  7 orc priests
  2 jellies
  An iguana (D:10)
  12 orc wizards
  6 worker ants
  A hound skeleton (D:5)
  A worker ant zombie (D:10)
  6 gnolls
  13 adders
  8 shadow imps
  An adder zombie (D:9)
  5 worms
  13 leopard geckos
  57 orcs
  3 giant cockroaches
  8 goblins
  7 hobgoblins
  9 jackals
  4 quokkas
  2 ball pythons
  4 bats
  4 frilled lizards
  A jackal zombie (D:9)
  10 kobolds
  A quokka skeleton (D:6)
  9 rats
377 creatures vanquished.

Vanquished Creatures (others)
  An unseen horror (D:12)
1 creature vanquished.

Grand Total: 378 creatures vanquished

Notes
Turn   | Place    | Note
-------+----------+-------------------------------------------
     0 | D:1      | CitizenNev the Gargoyle Fighter began the quest for the
                  | Orb.
     0 | D:1      | Reached XP level 1. HP: 14/14 MP: 1/1
    95 | D:1      | Reached XP level 2. HP: 11/19 MP: 2/2
  1102 | D:2      | Reached XP level 3. HP: 11/23 MP: 3/3
  1458 | D:2      | You fall through a shaft for 2 floors!
  1476 | D:4      | Reached XP level 4. HP: 23/28 MP: 4/4
  1878 | D:4      | Reached skill level 5 in Maces & Flails
  1878 | D:4      | Reached XP level 5. HP: 24/32 MP: 5/5
  2130 | D:4      | Found a burning altar of Makhleb.
  2143 | D:4      | Reached XP level 6. HP: 39/39 MP: 6/6
  2233 | D:3      | Found an ornate altar of the Wu Jian Council.
  2459 | D:2      | Reached skill level 5 in Fighting
  2459 | D:2      | Reached skill level 1 in Stealth
  2608 | D:2      | Found a hazy altar of Hepliaklqana.
  3620 | D:4      | You fall through a shaft for 2 floors!
  3688 | D:6      | Reached XP level 7. HP: 44/44 MP: 7/7
  3704 | D:6      | Reached skill level 5 in Armour
  3908 | D:6      | Reached XP level 8. HP: 39/50 MP: 8/8
  3917 | D:6      | Reached skill level 5 in Shields
  4084 | D:5      | Entered Level 5 of the Dungeon
  4125 | D:5      | Found a sparkling altar of Nemelex Xobeh.
  4127 | D:5      | Found a basalt altar of Yredelemnul.
  4130 | D:5      | Found a hide-covered altar of Uskayaw.
  5183 | D:5      | Found a staircase to the Ecumenical Temple.
  5212 | Temple   | Entered the Ecumenical Temple
  5498 | D:5      | Found Vake's Antique Weapon Shoppe.
  5563 | D:5      | Reached XP level 9. HP: 57/57 MP: 9/9
  6087 | D:6      | Found a shattered altar of Ashenzari.
  6170 | D:6      | Found an opulent altar of Gozag.
  6170 | D:6      | Found a glowing silver altar of Zin.
  6375 | D:6      | Noticed a moth of wrath
  6671 | D:6      | Found a bloodstained altar of Trog.
  6834 | D:6      | Found Hest's Gadget Emporium.
  7391 | D:7      | HP: 3/60 [orc priest/divine providence (11)]
  7932 | D:7      | Reached skill level 10 in Fighting
  8235 | D:7      | Reached skill level 10 in Maces & Flails
  8235 | D:7      | Reached skill level 5 in Spellcasting
  8235 | D:7      | Reached XP level 10. HP: 68/68 MP: 18/18
  8443 | D:8      | Noticed Gastronok
  8519 | D:8      | Killed Gastronok
  8519 | D:8      | Reached XP level 11. HP: 21/72 MP: 19/19
  8781 | D:8      | Found a shattered altar of Ashenzari.
  8807 | D:8      | Noticed Harold
  8829 | D:8      | Killed Harold
  9221 | D:8      | Reached skill level 10 in Armour
  9407 | D:8      | Found a blossoming altar of Fedhas.
  9978 | D:9      | Found a radiant altar of Vehumet.
 10005 | D:9      | Found a runed translucent door.
 10006 | D:9      | Noticed Ykky's ghost (novice DsGl)
 10146 | D:9      | Found a staircase to the Orcish Mines.
 10508 | D:9      | Found an iron altar of Okawaru.
 10519 | D:9      | Became a worshipper of Warmaster Okawaru
 10656 | D:9      | Killed Ykky's ghost
 10734 | D:10     | Entered Level 10 of the Dungeon
 10954 | D:10     | Reached * piety under Okawaru
 11367 | D:10     | Reached XP level 12. HP: 77/77 MP: 20/20
 11429 | D:10     | Found Qilauff's Weapon Boutique.
 11434 | D:10     | Found Mahadax's Distillery.
 11437 | D:10     | Found a staircase to the Lair.
 11442 | D:10     | Bought a potion of heal wounds for 65 gold pieces
 11450 | D:10     | Found Ovvetehy's Book Shoppe.
 11522 | D:10     | Noticed Erica
 11548 | D:10     | Killed Erica
 11548 | D:10     | Reached skill level 10 in Shields
 11610 | D:10     | Found Ucus's Gadget Boutique.
 11660 | D:10     | Found Joum's Gadget Shoppe.
 11729 | D:10     | Noticed Psyche
 11736 | D:10     | Killed Psyche
 11736 | D:10     | Reached ** piety under Okawaru
 12662 | D:11     | Reached *** piety under Okawaru
 13369 | D:12     | Reached **** piety under Okawaru
 14377 | D:12     | Noticed an eight-headed hydra
 14389 | D:12     | Killed an eight-headed hydra
 14389 | D:12     | Reached ***** piety under Okawaru
 14774 | D:12     | Reached XP level 13. HP: 75/82 MP: 21/21
 15239 | D:12     | Received a gift from Okawaru
 15273 | D:12     | Killed from afar by an efreet

Skill      XL: |  1  2  3  4  5  6  7  8  9 10 11 12 |
---------------+-------------------------------------+-----
Maces & Flails | 3 4 5 10 12 | 12.9
Fighting       | 4 5 7 10 | 10.3
Stealth        | 1 |  1.0
Armour         | 4 6 8 11 | 11.0
Shields        | 4 7 9 12 | 12.4
Spellcasting   | 5 |  5.4
Dodging        | |  0.2

Action                   |  1- 3 |  4- 6 |  7- 9 | 10-12 | 13-15 || total
-------------------------+-------+-------+-------+-------+-------++-------
Melee: Flail             |    74 |       |       |       |       ||    74
       Mace              |    48 |   242 |   537 |  1554 |   104 ||  2485
Invok: Heroism           |       |       |       |     1 |       ||     1
  Use: Scroll            |     1 |       |     4 |    10 |       ||    15
       Potion            |       |       |     7 |     5 |     1 ||    13
  Eat: Chunk             |     2 |     8 |    12 |    19 |     3 ||    44
       Ration            |       |       |     1 |     2 |       ||     3
Armor: Scale mail        |    28 |       |       |       |       ||    28
       Chain mail        |    40 |   196 |   235 |       |       ||   471
       Plate armour      |       |       |    94 |   811 |    96 ||  1001
Dodge: Dodged            |    29 |    59 |   109 |   255 |    13 ||   465
Block: Shield            |    75 |   133 |   238 |   257 |       ||   703
       Large shield      |       |       |       |  1092 |   121 ||  1213
       Reflection        |       |       |       |     1 |     8 ||     9
